Jets vs Red Wings

Created - 19 février 2016 at 21:27

Goals
1 2 3 T
Jets 0 2 3 5
Red Wings 1 1 1 3
Shots
1 2 3 T
Jets 7 5 15 27
Red Wings 8 12 9 29

1st period

1. Red Wings , Sean Bergenheim 16 (Mike Richards) at 10:49

Penalties :
Robert Dome (Det) for Hooking (Minor) at 5:59

2nd period

2. Jets , Mikko Koivu 14 (Tomas Kopecky, Brendan Bell) at 10:17
3. Red Wings , Sean Bergenheim 17 (Martin Havlat, Mike Richards) at 12:55
4. Jets , George Parros 12 (Daniel Sedin, Darroll Powe) at 18:11

Penalties :
Darroll Powe (Win) for Boarding (Minor) at 1:29, Daniel Sedin (Win) for Hooking (Minor) at 7:00

3rd period

5. Jets , Benoit Pouliot 41 (Chris Phillips, Derek Roy) at 1:26
6. Red Wings , Shawn Horcoff 11 (Ales Hemsky, Richard Jackman) at 11:18 (PP)
7. Jets , Mikko Koivu 15 (Adam Pardy, Fredrik Sjostrom) at 14:10
8. Jets , Daniel Sedin 11 (Derek Roy) at 19:01

Penalties :
Eric Gelinas (Win) for Holding (Minor) at 4:10, Christian Backman (Det) for Interference (Minor) at 8:10, Adam Pardy (Win) for Holding (Minor) at 10:34, Dustin Brown (Win) for Hooking (Minor) at 12:00, Richard Jackman (Det) for Hooking (Minor) at 15:12

Goalie Stats

Kari Lehtonen (Win), 26 saves from 29 shots - (0,897), W, 20-16-4, 60:00 minutes
Jonathan Quick (Det), 22 saves from 27 shots - (0,815), L, 23-14-5, 60:00 minutes

Players Stats for Jets

Player Name              G  A  P  +/- PIM S  H  SB GA TA FO     MP     PP MP  PK MP  
------------------------------------------------------------------------------------
Adam Pardy               0  1  1   0  2   0  0  1  0  1  0/0    18:02   3:00   4:40 
Anton Volchenkov         0  0  0   1  0   2  4  1  4  0  0/0    28:03   3:16   4:36 
Benoit Pouliot           1  0  1   0  0   3  2  0  2  0  0/1    19:43   3:10   2:28 
Blair Betts              0  0  0   0  0   0  1  0  0  0  2/5     9:52   0:00   1:44 
Brendan Bell             0  1  1   1  0   1  0  2  0  0  0/0    24:46   2:44   4:34 
Chris Phillips           0  1  1   3  0   0  3  0  0  1  0/0    18:29   2:26   0:34 
Daniel Sedin             1  1  2   1  2   2  1  0  0  0  0/0    15:53   2:47   1:23 
Darroll Powe             0  1  1   0  2   0  1  0  0  2  3/12   13:42   0:00   3:39 
Derek Roy                0  2  2   1  0   5  0  0  1  0  11/25  18:45   3:10   1:52 
Dustin Brown             0  0  0   1  2   2  5  0  1  0  1/2    20:38   3:10   3:53 
Eric Fehr                0  0  0   0  0   3  2  1  1  0  0/0     7:46   0:00   0:00 
Eric Gelinas             0  0  0   2  2   1  1  1  0  0  0/0    19:16   0:00   2:56 
Fredrik Sjostrom         0  1  1   0  0   1  1  0  0  0  2/2    11:14   0:00   2:21 
George Parros            1  0  1   0  0   2  2  1  0  0  0/0    12:45   2:47   0:00 
Jussi Jokinen            0  0  0   2  0   1  2  0  1  0  0/1    12:27   0:00   0:00 
Mikko Koivu              2  0  2   2  0   4  3  1  1  0  5/10   15:36   2:47   0:00 
Niklas Hjalmarsson       0  0  0  -1  0   0  0  1  0  0  0/0    11:54   0:28   0:00 
Tomas Kopecky            0  1  1   2  0   0  1  0  0  0  0/0    12:24   0:00   0:00 

Players Stats for Red Wings

Player Name              G  A  P  +/- PIM S  H  SB GA TA FO     MP     PP MP  PK MP  
------------------------------------------------------------------------------------
Adam Henrique            0  0  0  -2  0   0  2  0  0  0  1/1    10:38   0:02   0:00 
Ales Hemsky              0  1  1  -1  0   3  2  1  0  0  0/0    15:32   3:42   0:00 
Alex Picard              0  0  0  -1  0   0  1  0  0  0  0/0    16:46   3:42   1:07 
Carson Mcmillan          0  0  0   0  0   0  0  0  0  1  0/0     8:51   0:00   1:18 
Christian Backman        0  0  0   1  2   2  0  0  0  1  0/0    17:13   0:28   2:10 
Greg Mauldin             0  0  0   0  0   4  0  0  0  0  0/2     8:27   0:00   0:12 
Martin Havlat            0  1  1   0  0   5  0  0  0  0  2/5    18:02   4:35   0:00 
Maxim Kondratiev         0  0  0   1  0   0  1  0  0  1  0/0    16:52   0:00   2:38 
Mike Brown               0  0  0  -2  0   1  1  0  1  1  0/0    13:11   0:23   1:05 
Mike Richards            0  2  2   1  0   2  0  0  0  0  25/36  21:21   4:35   3:22 
Nate Thompson            0  0  0  -3  0   1  4  0  0  0  2/4    13:29   0:21   1:18 
Ossi Vaananen            0  0  0  -1  0   0  3  2  0  0  0/0    13:35   3:05   0:00 
Philip Samuelsson        0  0  0  -1  0   0  0  0  0  0  0/0    17:05   3:05   1:47 
Richard Jackman          0  1  1  -3  2   0  3  1  1  3  0/0    26:16   5:35   2:00 
Robert Dome              0  0  0  -1  2   1  1  1  0  1  1/1     9:59   0:23   0:00 
Sean Bergenheim          2  0  2   1  0   6  0  1  1  0  0/0    22:06   4:35   3:32 
Shawn Horcoff            1  0  1  -1  0   4  1  0  0  0  3/9    15:32   3:42   0:00 
Shea Weber               0  0  0  -3  0   0  3  1  1  3  0/0    29:05   5:07   3:19 

3 Stars

1 - Mikko Koivu (Win)
2 - Sean Bergenheim (Det)
3 - Chris Phillips (Win)

Power Play

Jets - 0 on 3 Attempt(s) - 0,00%
Red Wings - 1 on 5 Attempt(s) - 20,00%

Penalty Kill

Jets - 4 on 5 Attempt(s) - 80,00% - Score 0 goal in Penalty Kill
Red Wings - 3 on 3 Attempt(s) - 100,00% - Score 0 goal in Penalty Kill

Team Stat

Jets - Hits : 29 - Faceoff Wins : 24 - Blocked Shots : 9 - Penalty Minutes : 10
Red Wings - Hits : 22 - Faceoff Wins : 34 - Blocked Shots : 7 - Penalty Minutes : 6

Official

Referees : Auger Stephane and Leggo Mike
Linesman : Lonnie Cameron and Jean Morin

Game Notes

No Game Note

Finance

Level 1 -- Attendance: 5525 (92,08%) -- Ticket Income 414 375 $
Level 2 -- Attendance: 4475 (89,50%) -- Ticket Income 201 375 $
Level 3 -- Attendance: 2000 (100,00%) -- Ticket Income 50 000 $
Level 4 -- Attendance: 3782 (94,55%) -- Ticket Income 68 076 $
Luxury Box -- Attendance: 1000 (100,00%) -- Ticket Income 150 000 $
Game was played at the Joe Louis Arena.
Total Attendance: 16782 (93,23%)
Total Ticket Income: 883 826 $
Other Income: 132 574 $
Total Income: 1 016 400 $

Jets

5 vs 5 Forward 
   Center                   Left Wing                Right Wing               Time % Phy DF OF 
 1 Derek Roy                Benoit Pouliot           Dustin Brown             38     1   2  2  
 2 Mikko Koivu              Jussi Jokinen            Tomas Kopecky            28     1   2  2  
 3 Darroll Powe             Daniel Sedin             George Parros            24     1   2  2  
 4 Blair Betts              Fredrik Sjostrom         Eric Fehr                10     1   2  2  

5 vs 5 Defense 
   Defense                  Defense                                           Time % Phy DF OF 
 1 Brendan Bell             Anton Volchenkov                                  40     1   3  1  
 2 Chris Phillips           Eric Gelinas                                      30     1   3  1  
 3 Adam Pardy               Niklas Hjalmarsson                                20     1   3  1  
 4 Eric Gelinas             Anton Volchenkov                                  10     1   2  2  

PowerPlay Forward 
   Center                   Left Wing                Right Wing               Time % Phy DF OF 
 1 Derek Roy                Benoit Pouliot           Dustin Brown             60     1   2  2  
 2 Mikko Koivu              Daniel Sedin             George Parros            40     1   2  2  

PowerPlay Defense
   Defense                  Defense                                           Time % Phy DF OF 
 1 Anton Volchenkov         Chris Phillips                                    60     1   2  2  
 2 Adam Pardy               Brendan Bell                                      40     1   2  2  

Penalty Kill 4 Players Forward 
   Center                   Wing                     Time % Phy DF OF 
 1 Darroll Powe             Dustin Brown             60     1   2  2  
 2 Derek Roy                Daniel Sedin             40     1   2  2  

Penalty Kill 4 Players Defense
   Defense                  Defense                  Time % Phy DF OF 
 1 Anton Volchenkov         Adam Pardy               60     1   2  2  
 2 Eric Gelinas             Brendan Bell             40     1   2  2  

Penalty Kill - 3 Players Forward 
   Forward                                           Time % Phy DF OF 
 1 Darroll Powe                                      60     1   2  2  
 2 Daniel Sedin                                      40     1   2  2  

Penalty Kill - 3 Players Defense
   Defense                  Defense                  Time % Phy DF OF 
 1 Anton Volchenkov         Adam Pardy               60     1   2  2  
 2 Eric Gelinas             Brendan Bell             40     1   2  2  

4 vs 4 Forward 
   Center                   Wing                     Time % Phy DF OF 
 1 Derek Roy                Benoit Pouliot           60     1   2  2  
 2 Mikko Koivu              Dustin Brown             40     1   2  2  

4 vs 4 Defense
   Defense                  Defense                  Time % Phy DF OF 
 1 Adam Pardy               Anton Volchenkov         60     1   2  2  
 2 Chris Phillips           Brendan Bell             40     1   2  2  

Last Minutes Offensive
   Center                   Left Wing                Right Wing               Defense                  Defense                  
   Derek Roy                Benoit Pouliot           Dustin Brown             Brendan Bell             Anton Volchenkov         

Last Minutes Defensive
   Center                   Left Wing                Right Wing               Defense                  Defense                  
   Derek Roy                Daniel Sedin             Dustin Brown             Adam Pardy               Anton Volchenkov         

Goaltenders
Starting : Kari Lehtonen            
Backup : Ilya Bryzgalov           

Extra Forwards
Normal : Tomas Kopecky, Darroll Powe, Fredrik Sjostrom - PP : Tomas Kopecky, Darroll Powe - PK : Fredrik Sjostrom
Extra Defensemen
Normal : Adam Pardy, Chris Phillips, Anton Volchenkov - PP : Adam Pardy - PK : Adam Pardy, Anton Volchenkov
Penalty Shots
Benoit Pouliot, Daniel Sedin, Derek Roy, Jussi Jokinen, Dustin Brown

Red Wings

5 vs 5 Forward 
   Center                   Left Wing                Right Wing               Time % Phy DF OF 
 1 Mike Richards            Sean Bergenheim          Martin Havlat            40     1   2  2  
 2 Shawn Horcoff            Alex Picard              Ales Hemsky              30     1   2  2  
 3 Nate Thompson            Adam Henrique            Mike Brown               20     1   2  2  
 4 Greg Mauldin             Robert Dome              Carson Mcmillan          10     1   2  2  

5 vs 5 Defense 
   Defense                  Defense                                           Time % Phy DF OF 
 1 Shea Weber               Richard Jackman                                   40     1   2  2  
 2 Christian Backman        Maxim Kondratiev                                  30     1   2  2  
 3 Ossi Vaananen            Philip Samuelsson                                 20     1   2  2  
 4 Philip Samuelsson        Shea Weber                                        10     1   2  2  

PowerPlay Forward 
   Center                   Left Wing                Right Wing               Time % Phy DF OF 
 1 Mike Richards            Sean Bergenheim          Martin Havlat            60     1   2  2  
 2 Shawn Horcoff            Alex Picard              Ales Hemsky              40     1   2  2  

PowerPlay Defense
   Defense                  Defense                                           Time % Phy DF OF 
 1 Shea Weber               Richard Jackman                                   60     1   2  2  
 2 Philip Samuelsson        Ossi Vaananen                                     40     1   2  2  

Penalty Kill 4 Players Forward 
   Center                   Wing                     Time % Phy DF OF 
 1 Mike Richards            Sean Bergenheim          60     1   2  2  
 2 Nate Thompson            Carson Mcmillan          40     1   2  2  

Penalty Kill 4 Players Defense
   Defense                  Defense                  Time % Phy DF OF 
 1 Shea Weber               Richard Jackman          60     1   2  2  
 2 Christian Backman        Maxim Kondratiev         40     1   2  2  

Penalty Kill - 3 Players Forward 
   Forward                                           Time % Phy DF OF 
 1 Mike Richards                                     60     1   2  2  
 2 Nate Thompson                                     40     1   2  2  

Penalty Kill - 3 Players Defense
   Defense                  Defense                  Time % Phy DF OF 
 1 Shea Weber               Richard Jackman          60     1   2  2  
 2 Christian Backman        Maxim Kondratiev         40     1   2  2  

4 vs 4 Forward 
   Center                   Wing                     Time % Phy DF OF 
 1 Mike Richards            Sean Bergenheim          60     1   2  2  
 2 Shawn Horcoff            Adam Henrique            40     1   2  2  

4 vs 4 Defense
   Defense                  Defense                  Time % Phy DF OF 
 1 Shea Weber               Richard Jackman          60     1   2  2  
 2 Philip Samuelsson        Ossi Vaananen            40     1   2  2  

Last Minutes Offensive
   Center                   Left Wing                Right Wing               Defense                  Defense                  
   Mike Richards            Sean Bergenheim          Martin Havlat            Shea Weber               Richard Jackman          

Last Minutes Defensive
   Center                   Left Wing                Right Wing               Defense                  Defense                  
   Mike Richards            Sean Bergenheim          Martin Havlat            Shea Weber               Richard Jackman          

Goaltenders
Starting : Jonathan Quick           
Backup : Scott Clemmensen         

Extra Forwards
Normal : Nate Thompson, Robert Dome, Mike Brown - PP : Nate Thompson, Robert Dome - PK : Mike Brown
Extra Defensemen
Normal : Ossi Vaananen, Christian Backman, Philip Samuelsson - PP : Ossi Vaananen - PK : Christian Backman, Philip Samuelsson
Penalty Shots
Mike Richards, Sean Bergenheim, Martin Havlat, Shawn Horcoff, Nate Thompson

% Time on Ice - Jets

Lines # - Real PCT - Wanted PCT - Time Play
Normal Forward
1 - 32% - 38% - 14:30
2 - 30% - 28% - 13:41
3 - 20% - 24% - 9:16
4 - 17% - 10% - 7:46
Normal Defense
1 - 39% - 40% - 17:35
2 - 30% - 30% - 13:32
3 - 25% - 20% - 11:26
4 - 6% - 10% - 2:40
PP Forward
1 - 53% - 60% - 3:10
2 - 47% - 40% - 2:47
PP Defense
1 - 63% - 60% - 3:44
2 - 37% - 40% - 2:13
PK Forward
1 - 83% - 60% - 7:10
2 - 17% - 40% - 1:30
PK Defense
1 - 53% - 60% - 4:36
2 - 47% - 40% - 4:04
PK3 Forward
1 - 0% - 60%
2 - 0% - 40%
PK3 Defense
1 - 0% - 60%
2 - 0% - 40%
44 Forward
1 - 0% - 60%
2 - 0% - 40%
44 Defense
1 - 0% - 60%
2 - 0% - 40%
Last Minute Offensive  - 0:00
Last Minute Defensive  - 0:10
Total
Forward - 60:00
Defense - 60:00

% Time on Ice - Red Wings

Lines # - Real PCT - Wanted PCT - Time Play
Normal Forward
1 - 34% - 40% - 15:14
2 - 26% - 30% - 11:53
3 - 23% - 20% - 10:32
4 - 17% - 10% - 7:33
Normal Defense
1 - 42% - 40% - 18:55
2 - 33% - 30% - 14:59
3 - 20% - 20% - 8:53
4 - 5% - 10% - 2:25
PP Forward
1 - 57% - 60% - 4:58
2 - 43% - 40% - 3:42
PP Defense
1 - 64% - 60% - 5:35
2 - 36% - 40% - 3:05
PK Forward
1 - 78% - 60% - 4:39
2 - 22% - 40% - 1:18
PK Defense
1 - 67% - 60% - 3:59
2 - 33% - 40% - 1:58
PK3 Forward
1 - 0% - 60%
2 - 0% - 40%
PK3 Defense
1 - 0% - 60%
2 - 0% - 40%
44 Forward
1 - 0% - 60%
2 - 0% - 40%
44 Defense
1 - 0% - 60%
2 - 0% - 40%
Last Minute Offensive  - 0:11
Last Minute Defensive  - 0:00
Total
Forward - 60:00
Defense - 60:00

Play by Play

1st period


0:01 of 1st period - Derek Roy wins face-off versus Mike Richards in neutral zone.
0:06 of 1st period - Wrist shot by Derek Roy.
0:06 of 1st period - Stopped by Jonathan Quick with a rebound.
0:51 of 1st period - Adam Henrique is hit by Dustin Brown.
1:32 of 1st period - Off-side.
1:33 of 1st period - Robert Dome wins face-off versus Mikko Koivu in neutral zone.
1:48 of 1st period - Wrist shot by Jussi Jokinen.
1:48 of 1st period - Shot Blocked by Ossi Vaananen.
1:54 of 1st period - Wrist shot by Greg Mauldin.
1:54 of 1st period - Stopped by Kari Lehtonen with a rebound.
1:56 of 1st period - Slapshot by Ossi Vaananen.
1:56 of 1st period - Shot Misses the Net.
2:08 of 1st period - Wrist shot by Daniel Sedin.
2:08 of 1st period - Stopped by Jonathan Quick with a rebound.
3:17 of 1st period - Off-side.
3:18 of 1st period - Blair Betts wins face-off versus Shawn Horcoff in neutral zone.
3:27 of 1st period - Wrist shot by Blair Betts.
3:27 of 1st period - Shot Blocked by Ossi Vaananen.
5:09 of 1st period - Snap shot by Eric Fehr.
5:09 of 1st period - Stopped by Jonathan Quick with a rebound.
5:31 of 1st period - Snap shot by Adam Henrique.
5:31 of 1st period - Shot Misses the Net.
5:33 of 1st period - Snap shot by Maxim Kondratiev.
5:33 of 1st period - Shot Blocked by George Parros.
5:59 of 1st period - Minor Penalty to Robert Dome for Hooking.
6:00 of 1st period - Derek Roy wins face-off versus Mike Richards in Red Wings zone.
6:33 of 1st period - Shea Weber is hit by Mikko Koivu and loses puck.
7:11 of 1st period - Mikko Koivu is hit by Maxim Kondratiev and loses puck.
7:59 of 1st period - Penalty to Robert Dome is over, Robert Dome is back on ice.
8:08 of 1st period - Robert Dome is hit by George Parros and loses puck.
8:17 of 1st period - Robert Dome is hit by Daniel Sedin and loses puck.
8:36 of 1st period - Wrist shot by Greg Mauldin.
8:36 of 1st period - Shot Blocked by Mikko Koivu.
8:38 of 1st period - Wrist shot by Sean Bergenheim.
8:38 of 1st period - Stopped by Kari Lehtonen with a rebound.
8:40 of 1st period - Wrist shot by Greg Mauldin.
8:40 of 1st period - Stopped by Kari Lehtonen without a rebound.
8:41 of 1st period - Derek Roy wins face-off versus Shawn Horcoff in Jets zone.
8:57 of 1st period - Richard Jackman is hit by Dustin Brown and loses puck.
9:08 of 1st period - Adam Pardy is hit by Adam Henrique and loses puck.
9:27 of 1st period - Shea Weber is hit by Dustin Brown.
9:39 of 1st period - Robert Dome is hit by Eric Fehr and loses puck.
9:47 of 1st period - Icing by Carson Mcmillan.
9:48 of 1st period - Darroll Powe wins face-off versus Greg Mauldin in Red Wings zone.
10:11 of 1st period - Wrist shot by Shawn Horcoff.
10:11 of 1st period - Stopped by Kari Lehtonen without a rebound.
10:12 of 1st period - Shawn Horcoff wins face-off versus Blair Betts in Jets zone.
10:39 of 1st period - Snap shot by Fredrik Sjostrom.
10:39 of 1st period - Stopped by Jonathan Quick with a rebound.
10:41 of 1st period - Slapshot by Brendan Bell.
10:41 of 1st period - Stopped by Jonathan Quick without a rebound.
10:42 of 1st period - Mike Richards wins face-off versus Darroll Powe in Red Wings zone.
10:49 of 1st period - Backhand shot by Sean Bergenheim.
10:49 of 1st period - Goal by Sean Bergenheim - Jets : 0 - Red Wings : 1.
10:50 of 1st period - Mike Richards wins face-off versus Darroll Powe in neutral zone.
11:03 of 1st period - Snap shot by Daniel Sedin.
11:03 of 1st period - Shot Blocked by Sean Bergenheim.
11:37 of 1st period - Wrist shot by Mikko Koivu.
11:37 of 1st period - Shot Misses the Net.
12:27 of 1st period - Adam Pardy is hit by Richard Jackman and loses puck.
13:18 of 1st period - Slapshot by Mikko Koivu.
13:18 of 1st period - Stopped by Jonathan Quick with a rebound.
13:20 of 1st period - Wrist shot by Adam Pardy.
13:20 of 1st period - Shot Misses the Net.
14:25 of 1st period - Carson Mcmillan is hit by Mikko Koivu and loses puck.
14:42 of 1st period - Sean Bergenheim is hit by Anton Volchenkov and loses puck.
15:12 of 1st period - Off-side.
15:13 of 1st period - Adam Henrique wins face-off versus Blair Betts in neutral zone.
15:23 of 1st period - Icing by Fredrik Sjostrom.
15:24 of 1st period - Blair Betts wins face-off versus Mike Richards in Jets zone.
15:39 of 1st period - Off-side.
15:40 of 1st period - Derek Roy wins face-off versus Shawn Horcoff in neutral zone.
16:27 of 1st period - Wrist shot by Eric Fehr.
16:27 of 1st period - Shot Blocked by Richard Jackman.
16:33 of 1st period - Mike Brown is hit by Eric Fehr.
17:23 of 1st period - Slapshot by Christian Backman.
17:23 of 1st period - Stopped by Kari Lehtonen without a rebound.
17:24 of 1st period - Mike Richards wins face-off versus Derek Roy in Jets zone.
17:27 of 1st period - Snap shot by Martin Havlat.
17:27 of 1st period - Stopped by Kari Lehtonen without a rebound.
17:28 of 1st period - Derek Roy wins face-off versus Martin Havlat in Jets zone.
17:41 of 1st period - Wrist shot by Dustin Brown.
17:41 of 1st period - Shot Misses the Net.
17:57 of 1st period - Backhand shot by Tomas Kopecky.
17:57 of 1st period - Deflect By Maxim Kondratiev.
17:57 of 1st period - Shot Hit the Post.
17:57 of 1st period - Puck is out of play.
17:58 of 1st period - Mikko Koivu wins face-off versus Mike Richards in Red Wings zone.
17:59 of 1st period - Snap shot by Jussi Jokinen.
17:59 of 1st period - Shot Misses the Net.
18:28 of 1st period - Wrist shot by Derek Roy.
18:28 of 1st period - Shot Misses the Net.
18:36 of 1st period - Snap shot by Benoit Pouliot.
18:36 of 1st period - Shot Blocked by Ales Hemsky.
18:54 of 1st period - Snap shot by Adam Henrique.
18:54 of 1st period - Shot Misses the Net.
18:56 of 1st period - Wrist shot by Nate Thompson.
18:56 of 1st period - Shot Misses the Net.
18:58 of 1st period - Snap shot by Mike Brown.
18:58 of 1st period - Shot Misses the Net.
19:12 of 1st period - Slapshot by Eric Fehr.
19:12 of 1st period - Stopped by Jonathan Quick without a rebound.
19:13 of 1st period - Mike Richards wins face-off versus Blair Betts in Red Wings zone.
19:22 of 1st period - Snap shot by Sean Bergenheim.
19:22 of 1st period - Stopped by Kari Lehtonen without a rebound.
19:23 of 1st period - Derek Roy wins face-off versus Mike Richards in Jets zone.
19:53 of 1st period - Off-side.
19:54 of 1st period - Mikko Koivu wins face-off versus Shawn Horcoff in neutral zone.
Goals for this period are 0 for Jets vs 1 for Red Wings.
Shots for this period are 7 for Jets vs 8 for Red Wings.

2nd period


0:01 of 2nd period - Mike Richards wins face-off versus Derek Roy in neutral zone.
0:50 of 2nd period - Snap shot by Greg Mauldin.
0:50 of 2nd period - Stopped by Kari Lehtonen with a rebound.
0:58 of 2nd period - Slapshot by Tomas Kopecky.
0:58 of 2nd period - Shot Misses the Net.
1:00 of 2nd period - Snap shot by Mikko Koivu.
1:00 of 2nd period - Stopped by Jonathan Quick with a rebound.
1:02 of 2nd period - Wrist shot by Mikko Koivu.
1:02 of 2nd period - Deflect By Tomas Kopecky.
1:02 of 2nd period - Shot Misses the Net.
1:02 of 2nd period - Puck is out of play.
1:03 of 2nd period - Mike Richards wins face-off versus Darroll Powe in Red Wings zone.
1:07 of 2nd period - Icing by Sean Bergenheim.
1:08 of 2nd period - Mike Richards wins face-off versus Darroll Powe in Red Wings zone.
1:08 of 2nd period - Mike Richards is hit by Darroll Powe.
1:29 of 2nd period - Minor Penalty to Darroll Powe for Boarding.
1:30 of 2nd period - Fredrik Sjostrom wins face-off versus Mike Richards in Jets zone.
1:30 of 2nd period - Fredrik Sjostrom is hit by Shea Weber.
1:56 of 2nd period - Shea Weber is hit by Blair Betts and loses puck.
3:29 of 2nd period - Penalty to Darroll Powe is over, Darroll Powe is back on ice.
3:31 of 2nd period - Slapshot by Dustin Brown.
3:31 of 2nd period - Shot Misses the Net.
3:39 of 2nd period - Blair Betts is hit by Adam Henrique and loses puck.
3:58 of 2nd period - Slapshot by Jussi Jokinen.
3:58 of 2nd period - Shot Blocked by Robert Dome.
4:00 of 2nd period - Slapshot by Brendan Bell.
4:00 of 2nd period - Shot Misses the Net.
4:02 of 2nd period - Slapshot by Eric Gelinas.
4:02 of 2nd period - Stopped by Jonathan Quick without a rebound.
4:03 of 2nd period - Nate Thompson wins face-off versus Mikko Koivu in Red Wings zone.
4:37 of 2nd period - Mike Richards is hit by Anton Volchenkov.
4:57 of 2nd period - Shea Weber is hit by Chris Phillips and loses puck.
5:20 of 2nd period - Snap shot by Jussi Jokinen.
5:20 of 2nd period - Shot Misses the Net.
5:26 of 2nd period - Tomas Kopecky is hit by Ossi Vaananen and loses puck.
5:37 of 2nd period - Nate Thompson is hit by Dustin Brown and loses puck.
5:46 of 2nd period - Benoit Pouliot is hit by Mike Brown.
6:10 of 2nd period - Blair Betts is hit by Shea Weber and loses puck.
6:26 of 2nd period - Darroll Powe is hit by Shea Weber and loses puck.
6:38 of 2nd period - Darroll Powe is hit by Shawn Horcoff and loses puck.
7:00 of 2nd period - Minor Penalty to Daniel Sedin for Hooking.
7:01 of 2nd period - Darroll Powe wins face-off versus Mike Richards in Jets zone.
7:11 of 2nd period - Dustin Brown is hit by Richard Jackman and loses puck.
7:44 of 2nd period - Martin Havlat is hit by Fredrik Sjostrom and loses puck.
8:49 of 2nd period - Eric Gelinas is hit by Nate Thompson and loses puck.
9:00 of 2nd period - Penalty to Daniel Sedin is over, Daniel Sedin is back on ice.
9:17 of 2nd period - Nate Thompson is hit by Benoit Pouliot and loses puck.
9:48 of 2nd period - Snap shot by Fredrik Sjostrom.
9:48 of 2nd period - Shot Misses the Net.
9:54 of 2nd period - Fredrik Sjostrom is hit by Richard Jackman and loses puck.
10:03 of 2nd period - Wrist shot by Nate Thompson.
10:03 of 2nd period - Stopped by Kari Lehtonen without a rebound.
10:04 of 2nd period - Mike Richards wins face-off versus Mikko Koivu in Jets zone.
10:09 of 2nd period - Snap shot by Sean Bergenheim.
10:09 of 2nd period - Stopped by Kari Lehtonen with a rebound.
10:17 of 2nd period - Slapshot by Mikko Koivu.
10:17 of 2nd period - Goal by Mikko Koivu - Jets : 1 - Red Wings : 1.
10:18 of 2nd period - Mike Richards wins face-off versus Jussi Jokinen in neutral zone.
11:00 of 2nd period - Slapshot by Christian Backman.
11:00 of 2nd period - Stopped by Kari Lehtonen without a rebound.
11:01 of 2nd period - Fredrik Sjostrom wins face-off versus Greg Mauldin in Jets zone.
11:26 of 2nd period - Brendan Bell is hit by Ossi Vaananen and loses puck.
12:39 of 2nd period - Slapshot by Robert Dome.
12:39 of 2nd period - Stopped by Kari Lehtonen without a rebound.
12:40 of 2nd period - Martin Havlat wins face-off versus Benoit Pouliot in Jets zone.
12:45 of 2nd period - Wrist shot by Martin Havlat.
12:45 of 2nd period - Stopped by Kari Lehtonen with a rebound.
12:47 of 2nd period - Backhand shot by Christian Backman.
12:47 of 2nd period - Shot Misses the Net.
12:49 of 2nd period - Wrist shot by Martin Havlat.
12:49 of 2nd period - Stopped by Kari Lehtonen without a rebound.
12:50 of 2nd period - Mike Richards wins face-off versus Derek Roy in Jets zone.
12:51 of 2nd period - Snap shot by Sean Bergenheim.
12:51 of 2nd period - Stopped by Kari Lehtonen with a rebound.
12:55 of 2nd period - Wrist shot by Sean Bergenheim.
12:55 of 2nd period - Goal by Sean Bergenheim - Jets : 1 - Red Wings : 2.
12:56 of 2nd period - Mike Richards wins face-off versus Derek Roy in neutral zone.
13:03 of 2nd period - Wrist shot by Mike Richards.
13:03 of 2nd period - Stopped by Kari Lehtonen with a rebound.
13:05 of 2nd period - Slapshot by Richard Jackman.
13:05 of 2nd period - Shot Blocked by Brendan Bell.
13:07 of 2nd period - Snap shot by Sean Bergenheim.
13:07 of 2nd period - Shot Blocked by Anton Volchenkov.
13:09 of 2nd period - Slapshot by Richard Jackman.
13:09 of 2nd period - Shot Misses the Net.
13:21 of 2nd period - Ales Hemsky is hit by Anton Volchenkov and loses puck.
14:11 of 2nd period - Slapshot by Greg Mauldin.
14:11 of 2nd period - Stopped by Kari Lehtonen without a rebound.
14:12 of 2nd period - Martin Havlat wins face-off versus Derek Roy in Jets zone.
14:36 of 2nd period - Shea Weber is hit by Benoit Pouliot and loses puck.
14:49 of 2nd period - Snap shot by Dustin Brown.
14:49 of 2nd period - Shot Misses the Net.
14:51 of 2nd period - Snap shot by Benoit Pouliot.
14:51 of 2nd period - Deflect By Shea Weber.
14:51 of 2nd period - Shot Misses the Net.
14:51 of 2nd period - Puck is out of play.
14:52 of 2nd period - Mikko Koivu wins face-off versus Shawn Horcoff in Red Wings zone.
15:05 of 2nd period - Slapshot by Shawn Horcoff.
15:05 of 2nd period - Shot Hit the Post.
15:07 of 2nd period - Snap shot by Ales Hemsky.
15:07 of 2nd period - Shot Misses the Net.
15:17 of 2nd period - Darroll Powe is hit by Ossi Vaananen and loses puck.
16:04 of 2nd period - Wrist shot by Martin Havlat.
16:04 of 2nd period - Shot Blocked by Niklas Hjalmarsson.
16:25 of 2nd period - Wrist shot by Alex Picard.
16:25 of 2nd period - Shot Misses the Net.
16:27 of 2nd period - Slapshot by Richard Jackman.
16:27 of 2nd period - Shot Misses the Net.
16:29 of 2nd period - Wrist shot by Shawn Horcoff.
16:29 of 2nd period - Shot Blocked by Adam Pardy.
16:56 of 2nd period - Snap shot by Nate Thompson.
16:56 of 2nd period - Shot Misses the Net.
17:18 of 2nd period - Wrist shot by Robert Dome.
17:18 of 2nd period - Deflect By Greg Mauldin.
17:18 of 2nd period - Shot Blocked by Eric Fehr.
17:18 of 2nd period - Puck is out of play.
17:19 of 2nd period - Mike Richards wins face-off versus Derek Roy in Jets zone.
17:46 of 2nd period - Ales Hemsky is hit by Eric Gelinas and loses puck.
18:11 of 2nd period - Wrist shot by George Parros.
18:11 of 2nd period - Goal by George Parros - Jets : 2 - Red Wings : 2.
18:12 of 2nd period - Mike Richards wins face-off versus Dustin Brown in neutral zone.
18:20 of 2nd period - Icing by Dustin Brown.
18:21 of 2nd period - Mike Richards wins face-off versus Derek Roy in Jets zone.
18:22 of 2nd period - Snap shot by Martin Havlat.
18:22 of 2nd period - Stopped by Kari Lehtonen without a rebound.
18:23 of 2nd period - Derek Roy wins face-off versus Mike Richards in Jets zone.
18:49 of 2nd period - Richard Jackman is hit by Jussi Jokinen and loses puck.
19:14 of 2nd period - Darroll Powe is hit by Nate Thompson and loses puck.
19:38 of 2nd period - Snap shot by Eric Fehr.
19:38 of 2nd period - Stopped by Jonathan Quick with a rebound.
Goals for this period are 2 for Jets vs 1 for Red Wings.
Shots for this period are 5 for Jets vs 12 for Red Wings.

3rd period


0:01 of 3rd period - Mike Richards wins face-off versus Derek Roy in neutral zone.
0:10 of 3rd period - Snap shot by Mike Richards.
0:10 of 3rd period - Stopped by Kari Lehtonen without a rebound.
0:11 of 3rd period - Mike Richards wins face-off versus Derek Roy in Jets zone.
0:26 of 3rd period - Wrist shot by Mike Richards.
0:26 of 3rd period - Shot Misses the Net.
0:36 of 3rd period - Richard Jackman is hit by Anton Volchenkov.
0:44 of 3rd period - Slapshot by Ales Hemsky.
0:44 of 3rd period - Shot Misses the Net.
0:46 of 3rd period - Wrist shot by Ales Hemsky.
0:46 of 3rd period - Deflect By Shawn Horcoff.
0:46 of 3rd period - Stopped by Kari Lehtonen without a rebound.
0:47 of 3rd period - Mike Richards wins face-off versus Darroll Powe in Jets zone.
1:14 of 3rd period - Icing by Dustin Brown.
1:15 of 3rd period - Derek Roy wins face-off versus Shawn Horcoff in Jets zone.
1:19 of 3rd period - Chris Phillips is hit by Ales Hemsky and loses puck.
1:26 of 3rd period - Slapshot by Benoit Pouliot.
1:26 of 3rd period - Goal by Benoit Pouliot - Jets : 3 - Red Wings : 2.
1:27 of 3rd period - Derek Roy wins face-off versus Martin Havlat in neutral zone.
1:32 of 3rd period - Snap shot by Dustin Brown.
1:32 of 3rd period - Stopped by Jonathan Quick without a rebound.
1:33 of 3rd period - Mike Richards wins face-off versus Derek Roy in Red Wings zone.
1:46 of 3rd period - Wrist shot by Benoit Pouliot.
1:46 of 3rd period - Stopped by Jonathan Quick with a rebound.
1:48 of 3rd period - Snap shot by Benoit Pouliot.
1:48 of 3rd period - Stopped by Jonathan Quick with a rebound.
1:50 of 3rd period - Snap shot by Derek Roy.
1:50 of 3rd period - Stopped by Jonathan Quick without a rebound.
1:51 of 3rd period - Shawn Horcoff wins face-off versus Mikko Koivu in Red Wings zone.
1:51 of 3rd period - Shawn Horcoff is hit by Mikko Koivu.
2:05 of 3rd period - Snap shot by Jussi Jokinen.
2:05 of 3rd period - Stopped by Jonathan Quick with a rebound.
2:07 of 3rd period - Slapshot by Eric Gelinas.
2:07 of 3rd period - Shot Misses the Net.
2:41 of 3rd period - Snap shot by Mike Brown.
2:41 of 3rd period - Stopped by Kari Lehtonen without a rebound.
2:42 of 3rd period - Mikko Koivu wins face-off versus Nate Thompson in Jets zone.
4:10 of 3rd period - Minor Penalty to Eric Gelinas for Holding.
4:11 of 3rd period - Mike Richards wins face-off versus Darroll Powe in Jets zone.
4:23 of 3rd period - Wrist shot by Sean Bergenheim.
4:23 of 3rd period - Shot Misses the Net.
6:10 of 3rd period - Penalty to Eric Gelinas is over, Eric Gelinas is back on ice.
6:16 of 3rd period - Wrist shot by Derek Roy.
6:16 of 3rd period - Shot Misses the Net.
7:09 of 3rd period - Robert Dome is hit by Chris Phillips and loses puck.
8:10 of 3rd period - Minor Penalty to Christian Backman for Interference.
8:11 of 3rd period - Mike Richards wins face-off versus Derek Roy in Red Wings zone.
8:47 of 3rd period - Wrist shot by George Parros.
8:47 of 3rd period - Stopped by Jonathan Quick without a rebound.
8:48 of 3rd period - Mike Richards wins face-off versus Mikko Koivu in Red Wings zone.
9:03 of 3rd period - Slapshot by Anton Volchenkov.
9:03 of 3rd period - Stopped by Jonathan Quick with a rebound.
9:07 of 3rd period - Snap shot by Derek Roy.
9:07 of 3rd period - Stopped by Jonathan Quick with a rebound.
9:27 of 3rd period - Mike Richards is hit by George Parros and loses puck.
10:10 of 3rd period - Penalty to Christian Backman is over, Christian Backman is back on ice.
10:20 of 3rd period - Blair Betts is hit by Nate Thompson and loses puck.
10:34 of 3rd period - Minor Penalty to Adam Pardy for Holding.
10:35 of 3rd period - Darroll Powe wins face-off versus Mike Richards in Jets zone.
10:46 of 3rd period - Slapshot by Shea Weber.
10:46 of 3rd period - Shot Blocked by Brendan Bell.
10:48 of 3rd period - Wrist shot by Sean Bergenheim.
10:48 of 3rd period - Deflect By Martin Havlat.
10:48 of 3rd period - Stopped by Kari Lehtonen without a rebound.
10:49 of 3rd period - Mike Richards wins face-off versus Darroll Powe in Jets zone.
11:18 of 3rd period - Slapshot by Shawn Horcoff.
11:18 of 3rd period - Goal by Shawn Horcoff - Jets : 3 - Red Wings : 3.
11:19 of 3rd period - Mike Richards wins face-off versus Derek Roy in neutral zone.
11:22 of 3rd period - Snap shot by Martin Havlat.
11:22 of 3rd period - Shot Misses the Net.
11:46 of 3rd period - Darroll Powe is hit by Alex Picard and loses puck.
11:57 of 3rd period - Slapshot by Ales Hemsky.
11:57 of 3rd period - Stopped by Kari Lehtonen without a rebound.
11:58 of 3rd period - Derek Roy wins face-off versus Nate Thompson in Jets zone.
12:00 of 3rd period - Minor Penalty to Dustin Brown for Hooking.
12:01 of 3rd period - Mike Richards wins face-off versus Darroll Powe in Jets zone.
12:35 of 3rd period - Wrist shot by Shawn Horcoff.
12:35 of 3rd period - Shot Misses the Net.
12:37 of 3rd period - Slapshot by Shawn Horcoff.
12:37 of 3rd period - Stopped by Kari Lehtonen with a rebound.
13:46 of 3rd period - Anton Volchenkov is hit by Ales Hemsky and loses puck.
14:00 of 3rd period - Penalty to Dustin Brown is over, Dustin Brown is back on ice.
14:08 of 3rd period - Snap shot by Mikko Koivu.
14:08 of 3rd period - Shot Misses the Net.
14:10 of 3rd period - Snap shot by Mikko Koivu.
14:10 of 3rd period - Goal by Mikko Koivu - Jets : 4 - Red Wings : 3.
14:11 of 3rd period - Shawn Horcoff wins face-off versus Derek Roy in neutral zone.
14:14 of 3rd period - Snap shot by Ales Hemsky.
14:14 of 3rd period - Shot Blocked by Eric Gelinas.
14:16 of 3rd period - Slapshot by Alex Picard.
14:16 of 3rd period - Shot Misses the Net.
15:12 of 3rd period - Minor Penalty to Richard Jackman for Hooking.
15:13 of 3rd period - Mike Richards wins face-off versus Derek Roy in Red Wings zone.
15:22 of 3rd period - Snap shot by Anton Volchenkov.
15:22 of 3rd period - Stopped by Jonathan Quick without a rebound.
15:23 of 3rd period - Dustin Brown wins face-off versus Mike Richards in Red Wings zone.
15:28 of 3rd period - Wrist shot by Dustin Brown.
15:28 of 3rd period - Stopped by Jonathan Quick with a rebound.
15:46 of 3rd period - Slapshot by Derek Roy.
15:46 of 3rd period - Stopped by Jonathan Quick without a rebound.
15:47 of 3rd period - Mikko Koivu wins face-off versus Mike Richards in Red Wings zone.
15:48 of 3rd period - Slapshot by George Parros.
15:48 of 3rd period - Shot Misses the Net.
15:50 of 3rd period - Backhand shot by Anton Volchenkov.
15:50 of 3rd period - Shot Misses the Net.
15:52 of 3rd period - Slapshot by Chris Phillips.
15:52 of 3rd period - Shot Blocked by Shea Weber.
16:20 of 3rd period - Mike Richards is hit by Dustin Brown and loses puck.
17:12 of 3rd period - Penalty to Richard Jackman is over, Richard Jackman is back on ice.
17:24 of 3rd period - Snap shot by Ales Hemsky.
17:24 of 3rd period - Stopped by Kari Lehtonen with a rebound.
17:26 of 3rd period - Snap shot by Ales Hemsky.
17:26 of 3rd period - Stopped by Kari Lehtonen with a rebound.
17:47 of 3rd period - Niklas Hjalmarsson is hit by Robert Dome and loses puck.
18:10 of 3rd period - Adam Henrique is hit by Tomas Kopecky.
18:36 of 3rd period - Martin Havlat is hit by Jussi Jokinen and loses puck.
18:47 of 3rd period - Maxim Kondratiev is hit by Chris Phillips.
18:59 of 3rd period - Slapshot by Brendan Bell.
18:59 of 3rd period - Deflect By Derek Roy.
18:59 of 3rd period - Stopped by Jonathan Quick without a rebound.
19:00 of 3rd period - Terry Murray call a timeout for Red Wings.
19:00 of 3rd period - Derek Roy wins face-off versus Martin Havlat in Red Wings zone.
19:01 of 3rd period - Wrist shot by Daniel Sedin.
19:01 of 3rd period - Goal by Daniel Sedin - Jets : 5 - Red Wings : 3.
19:02 of 3rd period - Nate Thompson wins face-off versus Darroll Powe in neutral zone.
19:11 of 3rd period - George Parros is hit by Nate Thompson and loses puck.
Goals for this period are 3 for Jets vs 1 for Red Wings.
Shots for this period are 15 for Jets vs 9 for Red Wings.